 Dungeon Crawl Stone Soup version 0.31-a0-986-g5e6e4ef867 (webtiles) character file.

Game seed: 5724269487239536073

9948 pokeman the Thaumaturge (level 11, 0/62 HPs)
             Began as a Deep Elf Hedge Wizard on Nov 12, 2023.
             Was a Priest of Vehumet.
             Killed from afar by Lodul (22 damage)
             ... with a bolt of lightning
             ... on level 11 of the Dungeon.
             The game lasted 00:31:34 (13056 turns).

pokeman the Thaumaturge (Deep Elf Hedge Wizard)    Turns: 13056, Time: 00:31:35

Health: 0/62       AC: 12    Str:  7    XL:     11   Next: 29%
Magic:  20/31      EV: 13    Int: 24    God:    Vehumet [***...]
Gold:   488        SH:  0    Dex: 14    Spells: 22/39 levels left

rFire   . . .        K - +2 war axe (venom)
rCold   . . .        (no shield)
rNeg    . . .        N - +0 steam dragon scales
rPois   .            c - +0 hat
rElec   .            j - +0 cloak
rCorr   +            L - +0 pair of gloves
SInv    .            (no boots)
Will    +....        (no amulet)
Stlth   ++           l - +4 ring of protection
HPRegen 0.30/turn    p - ring of resist corrosion
MPRegen 0.22/turn

%: no passive effects
@: very slightly contaminated
A: no striking features
a: Renounce Religion


You were on level 11 of the Dungeon.
You worshipped Vehumet.
Vehumet was most pleased with you.
You visited 2 branches of the dungeon, and saw 12 of its levels.
You also visited: Sewer.

You collected 541 gold pieces.
You spent 53 gold pieces at shops.

Inventory:

Hand Weapons
 A - a +4 quarterstaff of chaos
 K - a +2 war axe of venom (weapon)
Missiles
 r - 2 throwing nets
Armour
 c - a +0 hat (worn)
 j - a +0 cloak (worn)
 L - a +0 pair of gloves (worn)
 N - +0 steam dragon scales (worn)
 O - a +3 ring mail of cold resistance
Magical Staves
 k - a staff of air
Jewellery
 l - a +4 ring of protection (left hand)
 p - a ring of resist corrosion (right hand)
 R - the ring of Cuehugoh {Drain +Blink Dex+6 SInv}
   (You found it on level 10 of the Dungeon)

   [ring of dexterity]

   Dex+6:     It affects your dexterity (+6).
   SInv:      It lets you see invisible.
   +Blink:    It lets you blink.
   Drain:     It drains your maximum health when unequipped.
Wands
 y - a wand of paralysis (11)
 I - a wand of mindburst (8)
 P - a wand of flame (10)
 Q - a wand of polymorph (6)
Scrolls
 a - a scroll of amnesia {unknown}
 b - 2 scrolls of fear {unknown}
 e - 2 scrolls of immolation {unknown}
 h - 4 scrolls of teleportation {unknown}
 i - 20 scrolls of identify {unknown}
 n - 2 scrolls of brand weapon {unknown}
 o - 3 scrolls of blinking {unknown}
 t - a scroll of revelation {unknown}
 u - a scroll of acquirement {unknown}
 v - a scroll of vulnerability {unknown}
 x - a scroll of torment {unknown}
 B - a scroll of butterflies {unknown}
 C - 2 scrolls of enchant weapon {unknown}
 G - 2 scrolls of poison {unknown}
 H - a scroll of noise {unknown}
Potions
 d - a potion of magic
 f - 5 potions of brilliance {unknown}
 g - a potion of heal wounds {unknown}
 m - 4 potions of haste {unknown}
 q - 4 potions of might {unknown}
 s - 2 potions of degeneration {unknown}
 w - 2 potions of attraction {unknown}
 z - 3 potions of enlightenment {unknown}
 D - 2 potions of lignification {unknown}
 E - 4 potions of curing {unknown}
 F - 2 potions of mutation {unknown}
 J - a potion of cancellation {unknown}
 M - a potion of berserk rage {unknown}


   Skills:
 + Level 4.7 Fighting
 - Level 4.0 Armour
 - Level 3.1 Dodging
 - Level 3.0 Stealth
 * Level 14.9 Spellcasting
 + Level 8.7 Conjurations
 - Level 1.1 Summonings
 - Level 1.1 Translocations
 - Level 1.2 Transmutations
 + Level 8.2 Fire Magic
 - Level 1.0 Air Magic
 - Level 1.0 Poison Magic
 - Level 2.0 Evocations


You had 22 spell levels left.
You knew the following spells:

 Your Spells              Type           Power      Damage    Failure   Level
a - Magic Dart            Conj           100%       1d8       1%          1
b - Mephitic Cloud        Conj/Pois/Air  35%        N/A       1%          3
c - Call Imp              Summ           46%        N/A       3%          2
d - Blink                 Tloc           46%        N/A       3%          2
e - Foxfire               Conj/Fire      100%       2x1d9     1%          1
f - Ignite Poison         Fire/Tmut/Pois 34%        N/A       1%          3
g - Irradiate             Conj/Tmut      20%        3d18      3%          5

Your spell library contained the following spells:

 Spells                   Type           Power      Damage    Failure   Level
 Scorch                   Fire           100%       2d9       1%          2
 Sting                    Tmut/Pois      92%        1d7       1%          1
 Poisonous Vapours        Pois/Air       46%        N/A       1%          2
 Slow                     Hex            68%        N/A       3%          1
 Cigotuvi's Dreadful Rot  Necr/Pois/Air  42%        N/A       3%          2
 Wereblood                Tmut           23%        N/A       3%          2
 Olgreb's Toxic Radiance  Pois           23%        N/A       5%          4
 Gell's Gravitas          Tloc           23%        N/A       6%          3
 Teleport Other           Tloc           23%        N/A       6%          3
 Confusing Touch          Hex            17%        N/A       10%         3
 Sigil of Binding         Hex            17%        N/A       10%         3
 Vampiric Draining        Necr           17%        2d7       10%         3
 Alistair's Intoxication  Tmut/Pois      15%        N/A       50%         5
 Dispersal                Tloc           11%        N/A       97%         6


Dungeon Overview and Level Annotations

Branches:
Dungeon (11/15)            Temple (1/1) D:7            Lair (0/5) D:10
    Orc (0/2) D:10          Sewer (visited)

Altars:
Ashenzari
Cheibriados
Dithmenos
Elyvilon
Fedhas
Gozag
Hepliaklqana
Kikubaaqudgha
Makhleb
Nemelex Xobeh
Okawaru
Qazlal
Ru
Sif Muna
Trog
Uskayaw
Vehumet
Wu Jian
Xom
Yredelemnul
Zin
The Shining One

Shops:
D:1 =   D:5 (   D:7 *

Annotations:
D:3 3 runed translucent doors, Sundig's ghost, amateur MiFi
D:5 2 transporters, croobank's ghost, weakling DgDe
D:8 2 transporters, AppTheSpectato's ghost, novice MiFi
D:10 Book behind rock
D:11 Lodul


Message History

Casting: Ignite Poison (safe; 1% risk of failure)
Confirm with . or Enter, or press ? or * to list all spells.
You erupt in a fountain of uncontrolled magic!
The vampire mosquito is blasted with magical radiation!
The vampire mosquito is severely damaged.
The vampire mosquito is blasted with magical radiation!!
You destroy the vampire mosquito!
Vehumet accepts your kill.
You feel your power returning.
The vampire mosquito is blasted with magical radiation!!
You destroy the vampire mosquito!
Vehumet accepts your kill.
You are very lightly contaminated with residual magic.
The vampire mosquito barely misses you.
Electricity crackles from Lodul's apparatus.
The bolt of lightning hits you!!
An ogre comes into view. It is wielding a +0 giant spiked club.
The vampire mosquito bites you but does no damage.
Unknown command.
Unknown command.
The vampire mosquito barely misses you.
Electricity crackles from Lodul's apparatus.
The bolt of lightning hits you.
An ogre comes into view. It is wielding a +0 giant spiked club.
The vampire mosquito bites you.
The vampire mosquito draws strength from your injuries!
Casting: Irradiate (dangerous; 3% risk of failure)
Confirm with . or Enter, or press ? or * to list all spells.
Aiming: Mephitic Cloud (safe; 1% risk of failure)
Press: ? - help, Shift-Dir - straight line The ball explodes into a vile cloud!
The stinking cloud engulfs the vampire mosquito but does no damage.
The vampire mosquito is heavily damaged.
The stinking cloud engulfs the ogre but does no damage.
The vampire mosquito bites you.
The vampire mosquito draws strength from your injuries!
The ogre is engulfed in noxious fumes.
The ogre appears confused.
Electricity crackles from Lodul's apparatus.
The bolt of lightning hits you!!
You die...

#..........#
#.......O..##
#...OO.....#
#.........##
#.........#
#.O°☼☼...##
###°☼O....#
#y○○....##
##@.......
##..#######
#######.###
###........#
###..........#
##...........##
##............#
##...)...).....#
#....))........#


You could see Lodul, a vampire mosquito and 4 ogres.

Vanquished Creatures
  3 death yaks (D:10)
  A two-headed ogre (D:11)
  2 manticores (D:11)
  Joseph (D:9)
  A komodo dragon (D:10)
  A troll (D:10)
  Sigmund (D:6)
  2 wraiths
  3 wyverns
  Eustachio (D:4)
  4 steam dragons
  2 vampire mosquitoes (D:11)
  Edmund (D:6)
  Pargi (Sewer)
  2 water moccasins
  2 ice beasts
  A black bear (D:8)
  3 orc warriors
  3 ogres
  4 centaurs
  2 phantoms
  A kobold brigand (D:10)
  Blork the orc (D:5)
  2 scorpions (D:5)
  3 bullfrogs
  15 wights
  3 troll zombies (D:10)
  2 howler monkeys
  2 jellies
  Crazy Yiuf (D:5)
  5 orc priests
  4 hounds
  A gnoll bouda (D:7)
  A sleepcap (D:7)
  Jessica (D:3)
  4 iguanas
  6 orc wizards
  2 hell rats (D:10)
  4 ogre zombies (D:10)
  7 gnolls
  A river rat (D:10)
  10 adders
  A shadow imp (D:7)
  A white imp (D:6)
  A worm (D:3)
  4 dart slugs
  38 orcs
  5 endoplasms
  9 giant cockroaches
  9 goblins
  4 hobgoblins
  6 jackals
  5 quokkas
  3 training dummies (D:5)
  2 ball pythons
  16 bats
  2 frilled lizards
  3 gnoll skeletons (D:10)
  2 gnoll zombies (D:10)
  14 kobolds
  4 orc skeletons (D:10)
  15 orc zombies (D:10)
  3 rats
264 creatures vanquished.

Vanquished Creatures (collateral kills)
  An ogre zombie (D:10)
  3 gnolls (D:2)
  A worm (D:3)
  An orc zombie (D:10)
6 creatures vanquished.

Vanquished Creatures (others)
  An electric eel (D:9)
  335 foxfires
336 creatures vanquished.

Grand Total: 606 creatures vanquished

Notes
Turn   | Place    | Note
-------+----------+-------------------------------------------
     0 | D:1      | pokeman the Deep Elf Hedge Wizard began the quest for the
                  | Orb.
     0 | D:1      | Reached XP level 1. HP: 10/10 MP: 7/7
   260 | D:1      | Found Mogamud's Jewellery Shop.
   337 | D:1      | Reached XP level 2. HP: 16/16 MP: 4/9
  1048 | D:1      | Found a faded altar of an unknown god.
  1267 | D:2      | Identified the of Sicogyph
  1692 | D:2      | Reached skill level 5 in Spellcasting
  1717 | D:2      | Reached XP level 3. HP: 20/20 MP: 2/11
  1721 | D:2      | Learned a level 3 spell: Mephitic Cloud
  1724 | D:2      | Learned a level 2 spell: Call Imp
  1727 | D:2      | Learned a level 2 spell: Blink
  2160 | D:2      | Reached skill level 1 in Fighting
  2160 | D:2      | Reached skill level 1 in Armour
  2178 | D:2      | HP: 1/20 [something (7)]
  2186 | D:2      | Reached XP level 4. HP: 3/25 MP: 3/13
  2479 | D:2      | Learned a level 3 spell: Ignite Poison
  2579 | D:3      | Noticed Jessica
  2581 | D:3      | Killed Jessica
  2681 | D:3      | Found a runed translucent gate.
  2681 | D:3      | Found a runed translucent gate.
  2681 | D:3      | Found a runed translucent gate.
  2681 | D:3      | Noticed Sundig's ghost (amateur MiFi)
  2921 | D:3      | Reached skill level 6 in Spellcasting
  2921 | D:3      | Reached XP level 5. HP: 29/29 MP: 6/15
  3065 | D:3      | Found a hide-covered altar of Uskayaw.
  3867 | D:4      | Noticed Eustachio
  3982 | D:4      | Killed Eustachio
  3983 | D:4      | Reached skill level 1 in Transmutations
  3983 | D:4      | Reached skill level 1 in Fire Magic
  3983 | D:4      | Reached skill level 1 in Air Magic
  3983 | D:4      | Reached skill level 1 in Poison Magic
  3983 | D:4      | Reached skill level 1 in Evocations
  3983 | D:4      | Reached XP level 6. HP: 34/34 MP: 3/17
  5088 | D:5      | Entered Level 5 of the Dungeon
  5095 | D:5      | Noticed a water moccasin
  5096 | D:5      | Reached skill level 7 in Spellcasting
  5102 | D:5      | Killed a water moccasin
  5103 | D:5      | Reached XP level 7. HP: 37/38 MP: 2/19
  5343 | D:5      | Found Amni's Firing Range.
  5415 | D:5      | Found a glowing drain.
  5432 | D:5      | Reached skill level 8 in Spellcasting
  5459 | D:5      | Noticed Blork the orc
  5462 | Sewer    | Entered a sewer
  5650 | Sewer    | Noticed Pargi
  5666 | Sewer    | Killed Pargi
  5781 | D:5      | Killed Blork the orc
  5783 | D:5      | Reached XP level 8. HP: 45/45 MP: 9/22
  5924 | D:5      | Found a transporter.
  5949 | D:5      | Noticed croobank's ghost (weakling DgDe)
  5964 | D:5      | Found a transporter.
  6108 | D:5      | Found a runed translucent door.
  6109 | D:5      | Noticed Crazy Yiuf
  6362 | D:5      | Killed Crazy Yiuf
  6467 | D:6      | Reached skill level 9 in Spellcasting
  6728 | D:5      | Reached skill level 5 in Conjurations
  6807 | D:6      | Noticed Edmund
  6832 | D:6      | Killed Edmund
  6833 | D:6      | Reached skill level 10 in Spellcasting
  7076 | D:6      | Noticed Sigmund
  7086 | D:6      | Killed Sigmund
  7087 | D:6      | Reached XP level 9. HP: 44/50 MP: 13/25
  7309 | D:6      | Learned a level 5 spell: Irradiate
  7628 | D:7      | Found Mexarut's Assorted Antiques.
  7651 | D:7      | Reached skill level 5 in Fire Magic
  7712 | D:7      | Bought a fizzy sapphire potion for 25 gold pieces
  7712 | D:7      | Bought a scroll labelled GUHAJEHORO for 28 gold pieces
  7737 | D:7      | Found a staircase to the Ecumenical Temple.
  7750 | Temple   | Entered the Ecumenical Temple
  7767 | Temple   | Became a worshipper of Vehumet
  7826 | D:7      | Reached skill level 11 in Spellcasting
  8379 | D:7      | Found a blossoming altar of Fedhas.
  8806 | D:8      | Found a transporter.
  8808 | D:8      | Noticed AppTheSpectato's ghost (novice MiFi)
  8843 | D:8      | Found a transporter.
  8843 | D:8      | Noticed a moth of wrath
  9267 | D:8      | Reached skill level 12 in Spellcasting
  9318 | D:8      | Found a glowing silver altar of Zin.
  9321 | D:8      | Found a shimmering blue altar of Sif Muna.
  9322 | D:8      | Found an opulent altar of Gozag.
  9761 | D:9      | Reached XP level 10. HP: 47/56 MP: 21/28
 10002 | D:9      | Reached * piety under Vehumet
 10002 | D:9      | Offered knowledge of Foxfire by Vehumet.
 10006 | D:9      | Learned a level 1 spell: Foxfire
 10185 | D:9      | Noticed Joseph
 10221 | D:9      | Killed Joseph
 10369 | D:9      | Found an ornate altar of the Wu Jian Council.
 10685 | D:10     | Entered Level 10 of the Dungeon
 10700 | D:10     | Reached skill level 13 in Spellcasting
 11032 | D:10     | Reached ** piety under Vehumet
 11032 | D:10     | Offered knowledge of Freeze by Vehumet.
 11316 | D:10     | Found a staircase to the Orcish Mines.
 11565 | D:10     | Offered knowledge of Scorch by Vehumet.
 11684 | D:10     | Identified the ring of Cuehugoh {Drain +Blink Dex+6 SInv}
 11723 | D:10     | Noticed a death yak
 11738 | D:10     | Noticed a death yak
 11738 | D:10     | Noticed a death yak
 11753 | D:10     | Killed a death yak
 11754 | D:10     | Reached skill level 14 in Spellcasting
 12014 | D:10     | Found a staircase to the Lair.
 12369 | D:10     | Reached *** piety under Vehumet
 12468 | D:10     | Killed a death yak
 12469 | D:10     | Reached XP level 11. HP: 26/61 MP: 10/31
 12472 | D:10     | Killed a death yak
 12761 | D:11     | Noticed a two-headed ogre
 12767 | D:11     | Killed a two-headed ogre
 13052 | D:11     | Noticed Lodul
 13056 | D:11     | Killed from afar by Lodul

Illustrated notes

Levels and vault maps discovered:
D:1:      evilmike_arrival_rings, layout_basic, chequers_ecumenical_altar_lobes,
          serial_shops, nicolae_shop_hallway_stairs
D:2:      layout_basic, eino_curves_04, hangedman_decor_growths
D:3:      layout_basic, eat_drink_and_be_merry_uskayaw,
          ebering_ghost_rock_garden, hangedman_decor_push, roderic_batcave,
          st_stairs_7, minmay_misc_feat_alley, uniq_jessica
D:4:      layout_loops_ring, serial_rivers, chequers_serial_rivers_small_3,
          chequers_serial_rivers_small_b, chequers_serial_rivers_micro_c,
          chequers_serial_rivers_micro_b, chequers_serial_rivers_large_b,
          uniq_eustachio
D:5:      layout_basic, gammafunk_ghost_stat_death, gup_sewer_entry_glass,
          nicolae_shop_firing_range, uniq_blork_the_orc, uniq_crazy_yiuf_cottage
D:6:      layout_cave_pools, serial_column_ruins,
          column_ruins_corridor_straight, column_ruins_open_large,
          column_ruins_columns_water, uniq_sigmund, uniq_edmund
D:7:      layout_cave_pods, lemuel_round_altar, minmay_temple_entry_ruins,
          serial_shops, nicolae_stop_n_shop_1
D:8:      layout_basic, chequers_temple_overflow_statue_of_worship,
          gammafunk_ghost_berserking_beasts
D:9:      layout_roguey, nicolae_wu_jian_immortal_techniques,
          kennysheep_decorative_pillar, uniq_joseph
D:10:     layout_irregular_city, dpeg_lair_monsters, zombieorc2_lemuel,
          item_on_display_a
D:11:     layout_cave_pods, uniq_lodul
Temple:   kb_temple_of_zot

Skill      XL: |  1  2  3  4  5  6  7  8  9 10 11 |
---------------+----------------------------------+-----
Spellcasting   | 5 6 7 8 10 12 14 | 14.9
Fighting       | 1 2 3 4 |  4.7
Armour         | 1 2 3 4 |  4.0
Conjurations   | 2 3 4 5 6 8 |  8.7
Stealth        | 3 |  3.0
Dodging        | 3 |  3.1
Transmutations | 1 |  1.2
Fire Magic     | 1 3 4 6 7 8 |  8.2
Air Magic      | 1 |  1.0
Poison Magic   | 1 |  1.0
Evocations     | 1 2 |  2.0
Summonings     | |  1.1
Translocations | |  1.1

Action                     |  1- 3 |  4- 6 |  7- 9 | 10-12 || total
---------------------------+-------+-------+-------+-------++-------
  Melee: Dagger            |    24 |    47 |     6 |       ||    77
         Punch             |       |     3 |     3 |     1 ||     7
         Whip              |       |       |   170 |       ||   170
         War axe           |       |       |     8 |    57 ||    65
   Cast: Magic Dart        |    80 |   114 |    61 |     4 ||   259
         Call Imp          |     2 |     3 |     1 |     5 ||    11
         Mephitic Cloud    |     1 |     9 |    51 |    41 ||   102
         Ignite Poison     |       |     4 |    31 |    31 ||    66
         Blink             |       |       |     8 |     7 ||    15
         Foxfire           |       |       |       |   182 ||   182
         Irradiate         |       |       |       |     1 ||     1
   Stab: Confused          |       |     3 |    18 |     3 ||    24
 Armour: Robe              |    11 |    33 |    52 |       ||    96
         Troll leather arm |       |       |   110 |     9 ||   119
         Steam dragon scal |       |       |       |   104 ||   104
  Dodge: Dodged            |    30 |    36 |   150 |    91 ||   307

Table legend: (Time is in decaauts)
 A = Elapsed time spent in this place.
 B = Non-inter-level travel time spent in this place.
 C = Inter-level travel time spent in this place.
 D = Time resting spent in this place.
 E = Time spent auto-exploring this place.
 F = Levels seen in this place.
 G = Mean time per level.
                   A        B        C        D        E       F      G
               +--------+--------+--------+--------+--------+-----+--------+
         Total |  13149 |  12630 |    519 |    882 |   9516 |  13 | 1011.5 |
       Dungeon |  12812 |  12325 |    487 |    882 |   9280 |  11 | 1164.7 |
        Temple |     34 |      2 |     32 |      0 |      0 |   1 |   34.0 |
         Sewer |    302 |    302 |      0 |      0 |    236 |   1 |  302.0 |
               +--------+--------+--------+--------+--------+-----+--------+

Top non-repeatable levels by time:
    D:10: 1687 daAuts
     D:3: 1496 daAuts
     D:9: 1475 daAuts
     D:5: 1374 daAuts
     D:2: 1296 daAuts
     D:1: 1279 daAuts
     D:7: 1112 daAuts
     D:4: 1045 daAuts
     D:6: 882 daAuts
     D:8: 790 daAuts
    D:11: 371 daAuts
   Sewer: 302 daAuts
  Temple: 34 daAuts
